 Dungeon Crawl Stone Soup version 0.19.1 (webtiles) character file.

127 ImaNewbie the Slasher (level 4, -1/37 HPs)
             Began as a Minotaur Gladiator on Dec 15, 2016.
             Slain by Perturabo's ghost (3 damage)
             ... on level 3 of the Dungeon.
             The game lasted 00:03:04 (1306 turns).

ImaNewbie the Slasher (Minotaur Gladiator)          Turns: 1306, Time: 00:03:04

Health: -1/37      AC: 10    Str: 22    XL:     4   Next: 85%
Magic:  3/3        EV:  7    Int:  5    God:
Gold:   167        SH:  0    Dex: 11    Spells: 0 memorised, 3 levels left

rFire  . . .     SeeInvis .     a - +0 long sword
rCold  . . .     Gourm    .     b - +0 plate armour
rNeg   . . .     Faith    .     (no shield)
rPois  .         Spirit   .     c - +0 hat
rElec  .         Reflect  .     (no cloak)
rCorr  .         Harm     .     (no gloves)
MR     .....                    (no boots)
Stlth  ..........               (no amulet)
                                (no ring)
                                r - +2 ring of strength

@: no status effects
A: retaliatory headbutt, horns 2
a: no special abilities


You were on level 3 of the Dungeon.
You were hungry.

You visited 1 branch of the dungeon, and saw 3 of its levels.

You collected 167 gold pieces.

Inventory:

Hand Weapons
 a - a +0 long sword (weapon)
Missiles
 d - 3 throwing nets (quivered)
 l - 30 poisoned needles
 v - 8 curare-tipped needles
Armour
 b - a +0 plate armour (worn)
 c - a +0 hat (worn)
Jewellery
 r - a +2 ring of strength (left hand)
Scrolls
 e - a scroll of magic mapping {unknown}
 i - a scroll of teleportation {unknown}
 k - a scroll of fog {unknown}
 o - a scroll of noise {unknown}
 p - a scroll of enchant weapon {unknown}
 s - a scroll of random uselessness {unknown}
 u - a scroll of identify {unknown}
Potions
 h - 2 potions of haste {unknown}
 j - 2 potions of might {unknown}
 m - a potion of brilliance {unknown}
 q - 2 potions of degeneration {unknown}
 w - a potion of cancellation {unknown}
Comestibles
 f - 3 bread rations
 g - 8 chunks of flesh
 n - a beef jerky
 t - a meat ration


   Skills:
 - Level 2.4 Fighting
 + Level 6.8 Long Blades
 - Level 2.0 Throwing
 - Level 3.2 Dodging


You had 3 spell levels left.
You didn't know any spells.

Dungeon Overview and Level Annotations

Branches:
Dungeon (3/15)

Altars:
Fedhas

Annotations:
D:3 Perturabo's ghost, amateur HOFi


Innate Abilities, Weirdness & Mutations

You reflexively headbutt those who attack you in melee.
You have a pair of horns on your head.


Message History

You slash Perturabo's ghost!
Perturabo's ghost is moderately damaged.
Perturabo's ghost hits you!
* * * LOW HITPOINT WARNING * * *
You closely miss Perturabo's ghost. You headbutt Perturabo's ghost!
Perturabo's ghost is heavily damaged.
Perturabo's ghost barely misses you.
You slash Perturabo's ghost! Your headbutt misses Perturabo's ghost.
Perturabo's ghost is severely damaged.
Perturabo's ghost hits you.
* * * LOW HITPOINT WARNING * * *
You are feeling hungry.
You hit Perturabo's ghost but do no damage.
Perturabo's ghost is severely damaged.
Perturabo's ghost hits you.
* * * LOW HITPOINT WARNING * * *
Your plate armour prevents you from hitting Perturabo's ghost.
Perturabo's ghost is severely damaged.
Perturabo's ghost hits you.
You die...

#..W....# #. ####@..# #.
#.....######### ###.
###.###.........# ##...
#...# ###..####.###..#.
#.#######..####.##..#..
####.###..................
#........#########.#..####
########## ##..#..#
####..##### #.............
#........##### #.......##
#########


You could see Perturabo's ghost.

Vanquished Creatures
  Terence (D:2)
  4 adders
  An ooze (D:2)
  A worm (D:2)
  A dart slug (D:1)
  3 leopard geckos
  A ball python (D:1)
  11 bats
  2 giant cockroaches (D:2)
  5 hobgoblins
  4 jackals (D:2)
  8 kobolds
  2 frilled lizards (D:1)
  4 goblins
  9 rats
57 creatures vanquished.

Notes
Turn   | Place    | Note
-------+----------+-------------------------------------------
     0 | D:1      | ImaNewbie the Minotaur Gladiator began the quest for the Orb.
     0 | D:1      | Reached XP level 1. HP: 18/18 MP: 0/0
    43 | D:1      | Reached skill level 4 in Long Blades
    60 | D:1      | Reached XP level 2. HP: 23/25 MP: 1/1
   606 | D:1      | Reached skill level 5 in Long Blades
   736 | D:2      | Reached XP level 3. HP: 29/30 MP: 2/2
   744 | D:2      | Found a blossoming altar of Fedhas.
  1039 | D:2      | Noticed Terence
  1046 | D:2      | Killed Terence
  1046 | D:2      | Reached skill level 6 in Long Blades
  1046 | D:2      | Reached XP level 4. HP: 29/37 MP: 3/3
  1297 | D:3      | Noticed Perturabo's ghost (amateur HOFi)
  1306 | D:3      | Slain by Perturabo's ghost

Skill      XL: |  1  2  3 |
---------------+----------+-----
Long Blades    | 4 5 6 |  6.8
Fighting       | |  2.4
Throwing       | |  2.0
Dodging        | |  3.2

Action                   |  1- 3 |  4- 6 || total
-------------------------+-------+-------++-------
Melee: Long sword        |    84 |    41 ||   125
       Headbutt          |    11 |     4 ||    15
  Eat: Chunk             |     1 |       ||     1
Armor: Leather armour    |    17 |       ||    17
       Chain mail        |     7 |       ||     7
       Plate armour      |     4 |    22 ||    26
Dodge: Dodged            |    64 |    17 ||    81
       Rpst.: Long sword |    22 |     3 ||    25
